 Dungeon Crawl Stone Soup version 0.19.4-10-g532645f (webtiles) character file.

488 Kosschaser the Bolt Thrower (level 7, -2/41 HPs)
             Began as a Kobold Hunter on Feb 23, 2017.
             Killed by divine providence
             ... invoked by an orc priest
              (9 damage)
             ... on level 4 of the Dungeon.
             The game lasted 00:24:02 (5043 turns).

Kosschaser the Bolt Thrower (Kobold Hunter)         Turns: 5043, Time: 00:24:02

Health: -2/41      AC:  7    Str:  9    XL:     7   Next: 36%
Magic:  0/8        EV: 16    Int: 12    God:
Gold:   59         SH:  0    Dex: 18    Spells: 0 memorised, 6 levels left

rFire  . . .     SeeInvis .     b - +0 short sword
rCold  + . .     Gourm    .     c - +0 leather armour
rNeg   . . .     Faith    .     (shield restricted)
rPois  .         Spirit   +     (no helmet)
rElec  .         Reflect  .     q - +2 cloak {+Inv}
rCorr  .         Harm     .     (no gloves)
MR     .....     Rnd*Tele +     m - +0 pair of boots
Stlth  ++........               g - amulet of guardian spirit
                                t - ring of teleportation
                                l - ring of protection from cold

@: very slightly contaminated
A: carnivore 3
a: Evoke Invisibility


You were on level 4 of the Dungeon.
You were not hungry.

You visited 1 branch of the dungeon, and saw 4 of its levels.

You collected 191 gold pieces.
You spent 132 gold pieces at shops.

Inventory:

Hand Weapons
 a - a +1 hand crossbow
 b - a +0 short sword (weapon)
 v - a -2 dagger
Missiles
 d - 7 bolts
 s - an exploding tomahawk (quivered)
Armour
 c - a +0 leather armour (worn)
 m - a +0 pair of boots (worn)
 q - a +2 cloak of invisibility (worn)
Jewellery
 g - an amulet of guardian spirit (around neck)
 l - a ring of protection from cold (left hand)
 t - a ring of teleportation (right hand)
 w - a cursed -3 ring of strength {unknown}
Wands
 r - a wand of polymorph (13/24)
Scrolls
 e - 2 scrolls of identify
 h - a scroll of recharging
 j - a scroll of enchant armour
 k - 2 scrolls of amnesia
 p - a scroll of enchant weapon
Potions
 n - 4 potions of curing
 o - a potion of brilliance
 u - a potion of might {unknown}
 x - a potion of ambrosia {unknown}
Comestibles
 f - a meat ration
 i - 2 beef jerkies


   Skills:
 + Level 3.1 Fighting
 + Level 4.1 Short Blades
 + Level 6.6 Crossbows
 + Level 2.1 Armour
 + Level 4.1 Dodging
 + Level 2.9 Stealth
 + Level 1.3 Evocations


You had 6 spell levels left.
You didn't know any spells.

Dungeon Overview and Level Annotations

Branches:
Dungeon (4/15)
 Temple: D:4-7

Altars:
Cheibriados
Dithmenos
Fedhas
Gozag
Makhleb
Nemelex Xobeh

Shops:
D:4 *

Annotations:
D:3 tschems's ghost, amateur HuFi
D:4 Blork the orc; Edmund; Robin


Innate Abilities, Weirdness & Mutations

You are small and have problems with some larger weapons.
You are carnivorous and can eat meat at any time.


Message History

You hit Blork the orc.
Blork the orc is heavily wounded.
You flicker back into view.
Blork the orc closely misses you.
The orc priest mumbles some strange prayers to Beogh against you.
Beogh smites you!
* * * LOW HITPOINT WARNING * * *
The gnoll barely misses you.
You hear a shout!
You fail to use your ability.
Blork the orc hits you but does no damage.
Blork the orc drinks a potion.
Blork the orc is healed!
The gnoll hits you with a whip of flaming.
* * * LOW HITPOINT WARNING * * *
The gnoll burns you.
* * * LOW HITPOINT WARNING * * *
You fail to use your ability.
Blork the orc barely misses you.
The orc priest invokes the aid of Beogh against you.
Beogh smites you!
You die...

.......<...#..##.######......⌠.⌠.
####.............# #.........#
.........###.....# #....>....#
####......###.##.# #.........#
#....#.# #..#.# #.........#
####....#.###..#.# #.........#
.......#..##..#.# #####.###.#
####.[..##.##..#o# #.###..
........##..#..#@# #####.....#
......#.###.#..#g# #...#####.#
####..#.# #.#..#g# #...# #.#
.g....#.###.#..#o# #...# #.#
###...#........#g# #...## #.#
#...#..###..##.######....####.#
###...#..# #..##.....gg..........
......#### ##.#########....####.#
.##.#.#######.# #...).....# #.#


You could see Blork the orc, an orc priest and 3 gnolls.

Vanquished Creatures
  A crimson imp (D:3)
  A hound (D:4)
  An orc priest (D:3)
  2 orc wizards (D:3)
  2 bullfrog skeletons (D:4)
  3 worker ants (D:4)
  4 gnolls (D:3)
  7 adders
  3 oozes (D:3)
  3 worms (D:2)
  2 leopard geckos
  9 orcs
  8 bats
  8 giant cockroaches
  6 goblins
  9 hobgoblins
  A jackal (D:2)
  4 kobolds
  5 quokkas
  3 frilled lizards
  9 rats
91 creatures vanquished.

Vanquished Creatures (others)
  An orc (D:3)
1 creature vanquished.

Grand Total: 92 creatures vanquished

Notes
Turn   | Place    | Note
-------+----------+-------------------------------------------
     0 | D:1      | Kosschaser the Kobold Hunter began the quest for the Orb.
     0 | D:1      | Reached XP level 1. HP: 12/12 MP: 1/1
   124 | D:1      | Reached skill level 5 in Crossbows
   166 | D:1      | Reached XP level 2. HP: 17/17 MP: 2/2
   639 | D:2      | Found a snail-covered altar of Cheibriados.
   640 | D:2      | Found a blossoming altar of Fedhas.
   655 | D:2      | Reached XP level 3. HP: 13/22 MP: 1/3
  1186 | D:2      | Reached skill level 1 in Short Blades
  1365 | D:2      | Found an opulent altar of Gozag.
  1407 | D:2      | Reached XP level 4. HP: 27/27 MP: 4/4
  1608 | D:2      | Reached skill level 6 in Crossbows
  2063 | D:3      | Reached skill level 1 in Armour
  2068 | D:3      | Reached XP level 5. HP: 25/31 MP: 3/5
  2202 | D:4      | Noticed Blork the orc
  2274 | D:3      | Reached XP level 6. HP: 12/36 MP: 1/6
  2785 | D:3      | Noticed tschems's ghost (amateur HuFi)
  2953 | D:3      | Found a burning altar of Makhleb.
  3313 | D:4      | Found a shadowy altar of Dithmenos.
  3322 | D:4      | Noticed Edmund
  3329 | D:4      | Noticed Robin
  3384 | D:4      | Reached XP level 7. HP: 13/41 MP: 4/7
  3601 | D:4      | Found a sparkling altar of Nemelex Xobeh.
  3606 | D:4      | Found Huilat's General Store.
  3614 | D:4      | Bought a scroll of identify for 24 gold pieces
  3614 | D:4      | Bought a scroll of teleportation for 36 gold pieces
  3614 | D:4      | Bought 2 potions of curing for 72 gold pieces
  4438 | D:3      | Reached skill level 1 in Evocations
  5043 | D:4      | Killed from afar by an orc priest

Skill      XL: |  1  2  3  4  5  6  7 |
---------------+----------------------+-----
Crossbows      | 5 6 |  6.6
Short Blades   | 1 3 4 |  4.1
Armour         | 1 2 |  2.1
Dodging        | 3 4 |  4.1
Stealth        | 2 |  2.9
Fighting       | 3 |  3.1
Evocations     | 1 |  1.3

Action                   |  1- 3 |  4- 6 |  7- 9 || total
-------------------------+-------+-------+-------++-------
Melee: Short sword       |    35 |   124 |    10 ||   169
       Dagger            |       |    69 |   161 ||   230
 Fire: Hand crossbow     |    51 |    52 |       ||   103
Throw: Tomahawk          |       |     2 |       ||     2
 Abil: Evoke Invisibilit |       |     4 |     5 ||     9
  Use: Potion            |       |     3 |       ||     3
       Scroll            |       |     7 |     3 ||    10
 Stab: Sleeping          |     1 |     3 |     1 ||     5
       Invisible         |       |     2 |     7 ||     9
  Eat: Chunk             |     8 |     7 |     5 ||    20
Armor: Leather armour    |     7 |    65 |    31 ||   103
Dodge: Dodged            |    36 |   186 |   155 ||   377
